 Dungeon Crawl Stone Soup version 0.24.0-13-gcf9b319 (webtiles) character file.

Game seed: 5686393572512135745, levelgen mode: deterministic

2462 Fang the Skirmisher (level 9, -1/58 HPs)
             Began as a Gargoyle Fighter on Dec 19, 2019.
             Was a Believer of Trog.
             Slain by a killer bee (2 damage)
             ... on level 8 of the Dungeon.
             The game lasted 00:07:44 (5234 turns).

Fang the Skirmisher (Gargoyle Fighter)              Turns: 5234, Time: 00:07:44

Health: -1/58      AC: 19    Str: 23    XL:     9   Next: 50%
Magic:  9/9        EV:  6    Int:  9    God:    Trog [**....]
Gold:   434        SH: 11    Dex:  9    Spells: 8/8 levels left

rFire    . . .     SeeInvis .   a - +1 war axe
rCold    . . .     Gourm    .   B - +0 shield
rNeg     + . .     Faith    .   b - +0 chain mail
rPois    ∞         Spirit   .   (no helmet)
rElec    +         Reflect  .   f - +1 cloak
rCorr    .         Harm     .   (no gloves)
MR       +....                  (no boots)
Stlth    ..........             (no amulet)
HPRegen  0.19/turn              i - ring of protection from magic
MPRegen  0.11/turn              (no ring)

@: berserk cooldown, slowed, very slow
A: negative energy resistance 1, electricity resistance, unbreathing,
petrification resistance, rot immunity, AC +6
a: Berserk, Trog's Hand, Renounce Religion


You were on level 8 of the Dungeon.
You worshipped Trog.
Trog was pleased with you.
You were very hungry.

You visited 2 branches of the dungeon, and saw 9 of its levels.

You collected 434 gold pieces.

Inventory:

Hand Weapons
 a - a +1 war axe (weapon)
Armour
 b - a +0 chain mail (worn)
 f - a +1 cloak (worn)
 B - a +0 shield (worn)
Jewellery
 i - a ring of protection from magic (left hand)
Wands
 q - a wand of iceblast (6)
 t - a wand of acid (10)
Scrolls
 e - 2 scrolls of enchant weapon
 g - 3 scrolls of teleportation
 k - 2 scrolls of remove curse
 o - 2 scrolls of identify
Potions
 d - 2 potions of might
 h - 2 potions of ambrosia
 j - a potion of mutation
 l - 2 potions of curing
 m - a potion of berserk rage
 n - a potion of flight
 u - a potion of heal wounds
 v - a potion of brilliance {unknown}
 w - a potion of degeneration {unknown}
Comestibles
 c - 8 rations
 p - 2 chunks of flesh


   Skills:
 + Level 7.6 Fighting
 + Level 6.0 Axes
 + Level 7.6 Armour
 + Level 7.6 Shields


You had 8 spell levels left.
You didn't know any spells.
Your spell library contained the following spells:

 Spells                   Type           Power        Failure   Level  Hunger
 Corona                   Hex            #......      100%        1    ##.....
 Ensorcelled Hibernation  Hex/Ice        #.....       100%        2    ###....
 Confuse                  Hex            #.......     100%        3    ####...
 Dazzling Spray           Conj/Hex       #.....       100%        3    ####...
 Tukima's Dance           Hex            #.......     100%        3    ####...


Dungeon Overview and Level Annotations

Branches:
Dungeon (8/15)             Temple (1/1) D:5
   Lair: D:8-11

Altars:
Ashenzari
Cheibriados
Dithmenos
Elyvilon
Fedhas
Gozag
Hepliaklqana
Kikubaaqudgha
Makhleb
Nemelex Xobeh
Okawaru
Qazlal
Ru
Sif Muna
Trog
Vehumet
Wu Jian
Xom
Yredelemnul
Zin
The Shining One

Annotations:
D:3 , 2 transporters, Sosarin's ghost, amateur MiBe


Innate Abilities, Weirdness & Mutations

You are resistant to torment.
Your stone body is resilient. (AC +6)
You are immune to poison.
You resist negative energy. (rN+)
You are resistant to electric shocks. (rElec)
You can survive without breathing.
You are immune to petrification.
You are immune to rotting.


Message History

You are no longer berserk.
You are exhausted.
You feel yourself slow down. You block the killer bee's attack.
The killer bee stings you but does no damage.
You block the killer bee's attack.
The killer bee stings you but does no damage.
A queen bee comes into view.
You block the killer bee's attack. The killer bee stings you.
* * * LOW HITPOINT WARNING * * *
The killer bee stings you.
* * * LOW HITPOINT WARNING * * *
You closely miss the killer bee.
The killer bee is severely wounded.
You barely miss the killer bee. You hit the killer bee.
You miss the killer bee. You block the killer bee's attack.
The killer bee stings you but does no damage. x2
You block the killer bee's attack. x2
The killer bee stings you but does no damage.
You block the killer bee's attack. The killer bee stings you.
You die...

. ## #. .. #.
### ###.
.##y#.. #..
...(... #.#
#...†###.#####
#....yy..≈≈##
##...y@...≈≈#
#..#y†#...≈#
#......## ..##
#...#.#### .≈#
..##.. ≈# #
#... # #..#
#..


You could see a queen bee and 4 killer bees.

Vanquished Creatures
  A hornet (D:6)
  A hungry ghost (D:7)
  3 ogres
  A centaur (D:6)
  A necrophage (D:7)
  2 bullfrogs (D:6)
  A scorpion (D:4)
  8 killer bees (D:8)
  8 wights
  2 howler monkeys (D:7)
  4 crimson imps
  A jelly (D:5)
  2 orc priests
  Crazy Yiuf (D:3)
  2 orc wizards
  3 iguanas
  6 worker ants
  A hound zombie (D:6)
  6 adders
  2 oozes
  An adder skeleton (D:6)
  3 worms
  9 dart slugs
  4 leopard geckos
  13 orcs
  7 giant cockroaches
  13 hobgoblins
  23 jackals
  2 quokkas
  3 ball pythons
  5 bats
  2 frilled lizards
  15 goblins
  A jackal skeleton (D:7)
  8 kobolds
  8 rats
173 creatures vanquished.

Notes
Turn   | Place    | Note
-------+----------+-------------------------------------------
     0 | D:1      | Fang the Gargoyle Fighter began the quest for the Orb.
     0 | D:1      | Reached XP level 1. HP: 14/14 MP: 1/1
   164 | D:1      | Reached XP level 2. HP: 15/19 MP: 2/2
   460 | D:1      | Reached XP level 3. HP: 23/23 MP: 3/3
  1014 | D:2      | Reached XP level 4. HP: 25/29 MP: 4/4
  1167 | D:2      | Found an iron altar of Okawaru.
  1168 | D:2      | Found a shattered altar of Ashenzari.
  1511 | D:3      | Reached XP level 5. HP: 32/33 MP: 5/5
  1734 | D:3      | Found a runed translucent door.
  1735 | D:3      | Noticed Crazy Yiuf
  1968 | D:3      | Found a faded altar of an unknown god.
  2103 | D:3      | Found a transporter.
  2106 | D:3      | Noticed Sosarin's ghost (amateur MiBe)
  2108 | D:3      | Noticed a hungry ghost
  2112 | D:3      | Found a transporter.
  2251 | D:3      | Killed Crazy Yiuf
  2521 | D:4      | Reached XP level 6. HP: 39/39 MP: 6/6
  3058 | D:5      | Entered Level 5 of the Dungeon
  3060 | D:5      | Found a basalt altar of Yredelemnul.
  3060 | D:5      | Found a snail-covered altar of Cheibriados.
  3095 | D:5      | Reached skill level 5 in Fighting
  3095 | D:5      | Reached skill level 5 in Armour
  3126 | D:5      | Reached skill level 5 in Shields
  3126 | D:5      | Reached XP level 7. HP: 44/44 MP: 7/7
  3303 | D:5      | Found a staircase to the Ecumenical Temple.
  3330 | Temple   | Entered the Ecumenical Temple
  3567 | Temple   | Became a worshipper of Trog the Wrathful
  4062 | D:6      | Reached XP level 8. HP: 50/51 MP: 8/8
  4113 | D:6      | Found a glowing golden altar of the Shining One.
  4162 | D:6      | Noticed a hornet
  4179 | D:6      | Killed a hornet
  4440 | D:6      | Reached * piety under Trog
  4540 | D:6      | Reached skill level 5 in Axes
  4683 | D:6      | Found a blossoming altar of Fedhas.
  4763 | D:7      | Reached XP level 9. HP: 28/56 MP: 9/9
  4878 | D:7      | Found an ancient bone altar of Kikubaaqudgha.
  4894 | D:7      | Paralysed by fainting for 12 turns
  5233 | D:8      | Reached ** piety under Trog
  5233 | D:8      | Noticed a queen bee
  5233 | D:8      | HP: 1/58 [killer bee (6)]
  5234 | D:8      | Slain by a killer bee

Levels and vault maps discovered:
D:1:      dpeg_arrival_court, layout_rooms
D:2:      layout_rooms, gammafunk_temple_overflow_statue
D:3:      cheibrodos_greedy_goblins, layout_basic, first_ration,
          chequers_ecumenical_altar_simple, gammafunk_ghost_arena,
          uniq_crazy_yiuf_cottage
D:4:      layout_gridville
D:5:      kennysheep_slugbush, layout_cave_pools, yredelemnul_altar_generic,
          overflow_temple_1_default, minmay_temple_entry_water_ring
D:6:      layout_basic, fedhas_altar_fruit_tree, tso_metal_star
D:7:      layout_rooms, kiku_gazebo_garden_becter
D:8:      layout_rooms, david_nohive_1, kennysheep_nub
Temple:   dpeg_chambers_temple

Skill      XL: |  1  2  3  4  5  6  7  8  9 |
---------------+----------------------------+-----
Axes           | 2 3 4 5 6 |  6.0
Fighting       | 4 5 6 7 |  7.6
Armour         | 4 5 6 7 |  7.6
Shields        | 4 5 6 7 |  7.6

Action                   |  1- 3 |  4- 6 |  7- 9 || total
-------------------------+-------+-------+-------++-------
Melee: War axe           |   122 |   290 |   233 ||   645
Invok: Berserk           |       |       |     2 ||     2
  Use: Scroll            |       |     1 |    15 ||    16
       Potion            |       |       |     1 ||     1
  Eat: Chunk             |     1 |     7 |     8 ||    16
       Ration            |       |       |     1 ||     1
Armor: Scale mail        |    58 |       |       ||    58
       Chain mail        |    58 |   226 |   231 ||   515
Dodge: Dodged            |    50 |    65 |    98 ||   213
Block: Shield            |   103 |   156 |   181 ||   440
